 Dungeon Crawl Stone Soup version 0.18.1-48-g4cf74bf (webtiles) character file.

94 GordonOverkill the Cutter (level 4, -1/42 HPs)
             Began as a Kobold Berserker on July 15, 2016.
             Was a Believer of Trog.
             Slain by an iguana (11 damage)
             ... on level 2 of the Dungeon.
             The game lasted 00:04:21 (2191 turns).

GordonOverkill the Cutter (Kobold Berserker)        Turns: 2191, Time: 00:04:22

Health: -1/42      AC:  4    Str: 21    XL:     4   Next: 94%
Magic:  4/4        EV: 15    Int:  5    God:    Trog [**....]
Gold:   66         SH:  0    Dex: 15    Spells: 0 memorised, 3 levels left

rFire  . . .     SeeInvis .     m - +1 dagger (speed)
rCold  . . .     Gourm    .     b - +0 animal skin
rNeg   . . .     Faith    .     (shield restricted)
rPois  .         Spirit   .     (no helmet)
rElec  .         Dismiss  .     (no cloak)
rCorr  +         Reflect  .     h - +0 pair of gloves
SustAt .         Harm     .     l - +0 pair of boots
MR     .....                    (no amulet)
Stlth  ..........               (no ring)
                                n - ring of resist corrosion

@: berserking, very quick, not resistant to hostile enchantments, extremely
unstealthy
A: carnivore 3
a: Berserk, Trog's Hand, Burn Spellbooks, Renounce Religion


You were on level 2 of the Dungeon.
You worshipped Trog.
Trog was pleased with you.
You were very full.

You visited 1 branch of the dungeon, and saw 2 of its levels.

You collected 66 gold pieces.

Inventory:

Hand Weapons
 m - a +1 dagger of speed (weapon)
Missiles
 q - a throwing net (quivered)
Armour
 b - a +0 animal skin (worn)
 h - a +0 pair of gloves (worn)
 l - a +0 pair of boots (worn)
Jewellery
 a - a cursed ring of protection from magic {unknown}
 n - a ring of resist corrosion (left hand)
Scrolls
 e - 2 scrolls of teleportation {unknown}
 g - a scroll of blinking {unknown}
 i - a scroll of identify {unknown}
 j - a scroll of recharging {unknown}
 o - 2 scrolls of remove curse {unknown}
 p - a scroll of enchant weapon {unknown}
Potions
 f - a potion of degeneration {unknown}
 k - a potion of heal wounds {unknown}
 r - a potion of cure mutation {unknown}
Comestibles
 c - 2 meat rations
 d - a slice of pizza
 s - 4 chunks of flesh


   Skills:
 - Level 3.2 Fighting
 + Level 5.9 Short Blades
 - Level 1.5 Armour
 - Level 2.4 Dodging
 + Level 3.7 Stealth


You had 3 spell levels left.
You didn't know any spells.

Dungeon Overview and Level Annotations

Branches:
Dungeon (2/15)

Altars:


Innate Abilities, Weirdness & Mutations

You are small and have problems with some larger weapons.
You are carnivorous and can eat meat at any time.


Message History

You butcher the gnoll corpse.
s - 4 chunks of flesh You see here a spear.
You start resting.
An iguana comes into view.
The iguana hisses angrily.
The iguana bites you!
You closely miss the iguana. The iguana bites you!
* * * LOW HITPOINT WARNING * * *
You are too injured to fight recklessly!
You are too injured to fight recklessly!
You are too injured to fight recklessly!
Throwing (i - inventory):
q - 2 throwing nets (quivered)
Press: ? - help, Shift-Dir - straight line, f - iguana
Aim: an iguana You throw a throwing net.
The throwing net barely misses the iguana.
A red film seems to cover your vision as you go berserk!
You feel yourself moving faster!
You feel mighty! The iguana bites you!
You die...

#.##......#..##......#
#.##(.....##.##......#
#....................#
##..............(.....#
#####.....................#
#................##.......#
#..............####†##+####
#..............#.##.##.#
#.........@###l..##..#.####
#........)l#####.###.#.#...
#...............(# #.#.....
#................# #.......
#................####......
########..........#........
#..........#........
#..........#........
#..........'...>.###


You could see an iguana.

Vanquished Creatures
  An adder (D:2)
  4 gnolls
  A dart slug (D:1)
  3 giant geckos
  2 ball pythons
  5 bats
  A giant cockroach (D:1)
  8 goblins
  3 hobgoblins
  6 jackals
  2 kobolds
  A giant newt (D:1)
  3 rats
40 creatures vanquished.

Notes
Turn   | Place    | Note
--------------------------------------------------------------
     0 | D:1      | GordonOverkill the Kobold Berserker began the quest for the Orb.
     0 | D:1      | Reached XP level 1. HP: 14/14 MP: 1/1
   252 | D:1      | Reached XP level 2. HP: 9/19 MP: 2/2
   652 | D:1      | Reached skill level 1 in Stealth
   784 | D:1      | Reached skill level 5 in Short Blades
   844 | D:1      | Reached XP level 3. HP: 23/23 MP: 3/3
   959 | D:2      | Reached ** piety under Trog
  1631 | D:2      | Reached XP level 4. HP: 22/28 MP: 4/4
  2191 | D:2      | Slain by an iguana

Skill      XL: |  1  2  3  4 |
---------------+-------------+-----
Stealth        | 1 2 3 |  3.7
Short Blades   | 5 |  5.9
Fighting       | |  3.2
Armour         | |  1.5
Dodging        | |  2.4

Action                   |  1- 3 |  4- 6 || total
-------------------------+-------+-------++-------
Melee: Short sword       |    76 |       ||    76
       Dagger            |    42 |    39 ||    81
Throw: Throwing net      |       |     1 ||     1
Invok: Berserk           |     1 |     1 ||     2
 Stab: Sleeping          |     1 |     3 ||     4
  Eat: Chunk             |    12 |     1 ||    13
Armor: Animal skin       |    11 |       ||    11
Dodge: Dodged            |    80 |    10 ||    90
